 Dungeon Crawl Stone Soup version 0.20.1-1-g8b1a95d (webtiles) character file.

28552 Monsterracer the Grappler (level 13, -9/136 HPs)
             Began as a Green Draconian Transmuter on Aug 8, 2017.
             Was a Believer of Ashenzari.
             Mangled by a swamp worm (10 damage)
             ... on level 2 of the Lair of Beasts.
             The game lasted 00:46:07 (20021 turns).

Monsterracer the Grappler (DrTm)                   Turns: 20021, Time: 00:46:08

Health: -9/136     AC:  6    Str: 13 (14) XL:     13   Next: 10%
Magic:  9/16       EV: 15    Int: 16 (17) God:    Ashenzari [**....]
Gold:   760        SH:  0    Dex: 11 (12) Spells: 1/16 levels left

rFire    x . .     SeeInvis .     - Unarmed
rCold    + + +     Gourm    .   (shield currently unavailable)
rNeg     + . .     Faith    .   (armour unavailable)
rPois    +         Spirit   .   (helmet currently unavailable)
rElec    .         Reflect  .   (cloak currently unavailable)
rCorr    .         Harm     .   (gloves currently unavailable)
MR       +....                  (boots currently unavailable)
Stlth    +.........             (no amulet)
Regen    0.4/turn               s - ring of protection from magic (curse)
MPRegen  0.2/turn               B - ring of positive energy (curse)

@: ice-form, very slightly contaminated
A: (breathe noxious fumes), unfitting armour, deterioration 1, AC +8
a: End Transformation, Curse Item, Scrying, Renounce Religion


You were on level 2 of the Lair of Beasts.
You worshipped Ashenzari.
Ashenzari was pleased with you.
You were hungry.
You were a creature of crystalline ice.
You visited 2 branches of the dungeon, and saw 14 of its levels.
You also visited: Sewer and Ice Cave.

You collected 850 gold pieces.
You spent 90 gold pieces at shops.

Inventory:

Hand Weapons
 e - the cursed +4 hand axe of Compulsion (melded) {chop, rElec Dex+4 Stlth+, !a}
   (You found it on level 8 of the Dungeon)

   It inflicts extra damage upon your enemies.
   It affects your dexterity (+4).
   It insulates you from electricity.
   It makes you more stealthy.
   It has a curse placed upon it.
Missiles
 b - 298 arrows
Armour
 k - a cursed +1 pair of boots (melded)
 o - a cursed +2 cloak (melded)
 t - a cursed +0 buckler (melded)
 C - a cursed +2 pair of gloves (melded)
 I - a scarf of cloud immunity
Jewellery
 s - a cursed ring of protection from magic (left front paw)
 B - a cursed ring of positive energy (right front paw)
 J - an uncursed ring of magical power
 M - a +2 ring of intelligence
 N - the ring "Barilih" {AC+2 Str+5}
   (You found it in an ice cave)

   [ring of protection]

   It affects your AC (+2).
   It affects your strength (+5).
 O - an uncursed ring of protection from cold
Wands
 w - a wand of lightning (10/15)
 x - a wand of random effects (48/48)
 H - a wand of digging (15/24)
 K - a wand of acid (10/15)
Scrolls
 m - 3 scrolls of magic mapping
 u - 6 scrolls of teleportation
 y - a scroll of recharging
 F - 2 scrolls of fog
 G - 2 scrolls of blinking
 L - a scroll of remove curse
Potions
 a - 5 potions of flight
 d - 4 potions of magic
 g - 2 potions of heal wounds
 h - 2 potions of agility
 i - 3 potions of mutation
 j - 2 potions of ambrosia
 l - a potion of haste {unknown}
 q - 4 potions of brilliance
 r - 2 potions of might
 v - 9 potions of curing
 z - 4 potions of lignification
 A - 2 potions of resistance
Books
 D - a book of Changes

   Spells                             Type                      Level
   a - Beastly Appendage              Transmutation                1
   b - Sticks to Snakes               Transmutation                2
   c - Spider Form                    Transmutation/Poison         3
   d - Ice Form                       Ice/Transmutation            4
   e - Blade Hands                    Transmutation                5
 E - a book of Flames

   Spells                             Type                      Level
   a - Flame Tongue                   Conjuration/Fire             1
   b - Throw Flame                    Conjuration/Fire             2
   c - Conjure Flame                  Conjuration/Fire             3
   d - Inner Flame                    Hexes/Fire                   3
   e - Sticky Flame                   Conjuration/Fire             4
   f - Fireball                       Conjuration/Fire             5
 P - a book of Necromancy

   Spells                             Type                      Level
   a - Pain                           Necromancy                   1
   b - Animate Skeleton               Necromancy                   1
   c - Vampiric Draining              Necromancy                   3
   d - Regeneration                   Charms/Necromancy            3
   e - Animate Dead                   Necromancy                   4
   f - Control Undead                 Necromancy                   4
Comestibles
 c - 4 bread rations
 f - 14 royal jellies
 n - 14 fruits
 p - 2 meat rations


   Skills:
 + Level 10.7 Fighting
 + Level 9.3(10.7) Dodging
 - Level 3.2(4.5) Shields
 * Level 14.4 Unarmed Combat
 - Level 2.0 Spellcasting
 - Level 9.6(11.0) Transmutations


You had one spell level left.
You knew the following spells:

 Your Spells              Type           Power        Failure   Level  Hunger
a - Ice Form              Ice/Tmut       ###.....     21%         4    #####..
b - Sticks to Snakes      Tmut           #####...     1%          2    ###....
c - Spider Form           Tmut/Pois      ###.......   6%          3    ###....
d - Blade Hands           Tmut           #####.....   6%          5    ######.
e - Beastly Appendage     Tmut           #####.       1%          1    #......


Dungeon Overview and Level Annotations

Branches:
Dungeon (12/15)            Temple (0/1) D:6            Lair (2/6) D:11
  Swamp: Lair:2-4    Shoals: Lair:2-4     Snake: Lair:2-4    Spider: Lair:2-4
    Orc: D:9-12

Altars:
Ashenzari
Dithmenos
Elyvilon
Fedhas
Hepliaklqana
Nemelex Xobeh
Okawaru
Qazlal
Ru
Vehumet
Xom
Zin

Shops:
D:11 (


Innate Abilities, Weirdness & Mutations

((You can breathe blasts of noxious fumes.))
((Your lurid green scales are hard. (AC +8)))
You cannot fit into any form of body armour.
((Your system is resistant to poisons. (rPois)))
((You are cold-blooded and may be slowed by cold attacks.))
Your body sometimes deteriorates upon taking damage.


Message History

The swamp worm bites you!!
* * * LOW HITPOINT WARNING * * *
Huge Dmg: -20%(-27hp) hp: 12%(16hp)
You feel much better. The swamp worm bites you!!
* * * LOW HITPOINT WARNING * * *
Your body deteriorates!
You feel dopey. The swamp worm barely misses you. The swamp worm bites you.
* * * LOW HITPOINT WARNING * * *
Huge Dmg: -4%(-5hp) hp: 10%(13hp)
Press: ? - help, v - describe, . - travel
Here: a swamp worm (heavily wounded) Some shallow water.
You feel much better. The swamp worm bites you!
* * * LOW HITPOINT WARNING * * *
The swamp worm closely misses you. The swamp worm bites you!!
* * * LOW HITPOINT WARNING * * *
Your body deteriorates!
You feel clumsy. The swamp worm bites you!
You die...

#P....................<)....#..
##.........................###.
#.......................### #.
#.......................# #.
#.........≈≈≈≈≈≈≈.......## #.
#.......≈≈≈≈≈≈≈≈≈≈≈......# ##
##......≈≈≈#######≈≈≈.....##
#.......≈≈##≈≈≈≈≈#P≈≈......##
#####...≈≈#[≈wY≈≈≈P≈≈#.#....##
#.#..≈≈##≈w≈≈≈#≈≈≈≈##.#...##
###..≈≈≈#######≈≈≈.###.....#
####....≈≈≈≈≈≈≈≈≈≈≈...####..##
#P........≈≈≈≈≈≈≈.....###..##
##......................#...#
#.............##.......#....#
#.....†.........#..<.##....##
#.............###.....####.#


You could see 2 swamp worms.

Vanquished Creatures
  A frost giant (IceCv)
  2 hydras
  5 two-headed ogres
  The ghost of ThereIsNoGod the Cleaver, a novice FoFi of Makhleb (D:8)
  Urug (D:10)
  2 ugly things (D:11)
  A manticore (D:11)
  A black mamba (Lair:1)
  A gargoyle (D:10)
  An ice statue (IceCv)
  A komodo dragon (Lair:1)
  16 polar bears (IceCv)
  A troll (D:11)
  A hornet (D:9)
  2 hippogriffs
  A vampire (D:9)
  36 yaks
  2 steam dragons
  2 soldier ants (D:8)
  An acid dragon (D:11)
  5 swamp worms (Lair:2)
  3 water moccasins
  6 porcupines
  4 phantoms
  3 sky beasts
  An orc warrior (D:9)
  A black bear (D:11)
  2 eyes of draining
  4 ice beasts
  12 centaurs
  26 wolves
  5 ogres
  2 crocodiles
  6 bullfrogs
  A big kobold (D:10)
  3 scorpions
  16 killer bees
  2 howler monkeys
  7 wights
  4 electric eels
  A jelly (D:10)
  3 crimson imps
  2 bullfrog skeletons
  2 orc priests
  6 hounds
  6 iguanas
  Natasha (thrice) (D:3)
  7 orc wizards
  11 worker ants
  2 hound skeletons
  5 worker ant zombies
  Robin (D:3)
  5 gnolls
  13 adders
  2 shadow imps
  2 oozes
  An adder zombie (D:5)
  3 adder skeletons
  16 worms
  2 dart slugs
  3 leopard geckos
  30 orcs
  A ball python (D:2)
  5 bats
  8 giant cockroaches
  13 goblins
  10 hobgoblins
  6 jackals
  10 kobolds
  3 quokkas
  A frilled lizard (D:4)
  2 jackal skeletons
  2 quokka skeletons
  A quokka zombie (D:9)
  8 rats
  2 toadstools (D:1)
390 creatures vanquished.

Vanquished Creatures (collateral kills)
  A killer bee (D:8)
  2 adders (D:2)
3 creatures vanquished.

Vanquished Creatures (others)
  A centaur (D:10)
  A bullfrog (D:10)
  A killer bee (D:11)
  2 plants (Lair:2)
  2 toadstools (D:1)
7 creatures vanquished.

Grand Total: 400 creatures vanquished

Notes
Turn   | Place    | Note
-------+----------+-------------------------------------------
     0 | D:1      | Monsterracer the Draconian Transmuter began the quest for the Orb.
     0 | D:1      | Reached XP level 1. HP: 16/16 MP: 3/3
   151 | D:1      | Reached XP level 2. HP: 17/23 MP: 3/5
   155 | D:1      | Learned a level 2 spell: Sticks to Snakes
   373 | D:1      | Reached XP level 3. HP: 28/28 MP: 6/6
   378 | D:1      | Learned a level 3 spell: Spider Form
   851 | D:2      | Reached skill level 4 in Unarmed Combat
   873 | D:2      | Found a blossoming altar of Fedhas.
  1626 | D:3      | Noticed Natasha
  1637 | D:2      | Reached XP level 4. HP: 29/35 MP: 2/7
  1820 | D:3      | Killed Natasha
  1840 | D:3      | Noticed Natasha
  1947 | D:3      | Killed Natasha
  2023 | D:3      | Found a radiant altar of Vehumet.
  2040 | D:3      | Noticed Robin
  2060 | D:3      | Reached XP level 5. HP: 36/40 MP: 0/8
  2068 | D:3      | Killed Robin
  2340 | D:3      | Reached skill level 5 in Unarmed Combat
  2393 | D:3      | Noticed Natasha
  2397 | D:3      | Killed Natasha
  2567 | D:3      | HP: 20/40 [orc/flail (9)]
  3227 | D:4      | Reached XP level 6. HP: 39/48 MP: 2/9
  3318 | D:4      | Found a glowing drain.
  3351 | Sewer    | Entered a sewer
  3638 | D:4      | Found a hazy altar of Hepliaklqana.
  4079 | D:4      | Reached skill level 6 in Unarmed Combat
  4167 | D:5      | Entered Level 5 of the Dungeon
  4286 | D:5      | Found a shattered altar of Ashenzari.
  4321 | D:5      | Became a worshipper of Ashenzari the Shackled
  4509 | D:5      | Your scales start taking on a lurid green colour.
  4509 | D:5      | Reached XP level 7. HP: 47/56 MP: 10/10
  4509 | D:5      | Gained mutation: Your system is resistant to poisons. (rPois) [Green Draconian growth]
  4818 | D:5      | Found a sparkling altar of Nemelex Xobeh.
  4818 | D:5      | Found an iron altar of Okawaru.
  4826 | D:5      | Found a stormy altar of Qazlal.
  4828 | D:5      | Found a shimmering altar of Xom.
  4830 | D:5      | Found a white marble altar of Elyvilon.
  5564 | D:6      | Reached skill level 5 in Transmutations
  5635 | D:6      | Reached skill level 7 in Unarmed Combat
  5757 | D:6      | Found a staircase to the Ecumenical Temple.
  6073 | D:7      | Reached XP level 8. HP: 44/64 MP: 8/11
  6079 | D:7      | HP: 31/64 [wight/falchion (9)]
  6094 | D:6      | HP: 30/64 [wight/enchanted mace (4)]
  6100 | D:6      | HP: 25/64 [wight/enchanted mace (6)]
  6296 | D:7      | HP: 31/66 [wight/morningstar of protection (10)]
  6305 | D:7      | HP: 22/66 [wight/morningstar of protection (1)]
  6603 | D:7      | Learned a level 5 spell: Blade Hands
  6627 | D:7      | Found a sacrificial altar of Ru.
  6805 | D:7      | Reached skill level 8 in Unarmed Combat
  7040 | D:7      | Found Zin's Purification Station.
  7040 | D:7      | Found a glowing silver altar of Zin.
  7045 | D:7      | Bought a potion of curing for 90 gold pieces
  7201 | D:7      | HP: 31/67 [centaur (8)]
  7622 | D:8      | Noticed ThereIsNoGod's ghost (novice FoFi)
  7805 | D:8      | HP: 32/67 [electric eel/bolt of electricity (8)]
  8073 | D:8      | Found a sacrificial altar of Ru.
  8084 | D:8      | Reached XP level 9. HP: 51/73 MP: 12/12
  8245 | D:8      | Reached skill level 5 in Fighting
  8408 | D:8      | Noticed a two-headed ogre
  8413 | D:8      | HP: 37/74 [two-headed ogre/giant spiked club (6)]
  8414 | D:8      | Killed a two-headed ogre
  8414 | D:8      | Reached skill level 9 in Unarmed Combat
  8443 | D:8      | HP: 29/75 [ThereIsNoGod's ghost (15)]
  8817 | D:8      | HP: 36/75 [ThereIsNoGod's ghost (2)]
  8821 | D:8      | Killed ThereIsNoGod's ghost
  8821 | D:8      | Reached skill level 5 in Dodging
  9134 | D:8      | Reached skill level 10 in Unarmed Combat
  9155 | D:8      | Noticed a two-headed ogre
  9161 | D:8      | HP: 38/77 [two-headed ogre/dire flail (2)]
  9162 | D:8      | Killed a two-headed ogre
  9162 | D:8      | Reached XP level 10. HP: 42/84 MP: 7/13
  9196 | D:8      | Noticed a two-headed ogre
  9206 | D:8      | Killed a two-headed ogre
  9647 | D:8      | Noticed a two-headed ogre
  9659 | D:8      | Killed a two-headed ogre
  9659 | D:8      | Reached skill level 11 in Unarmed Combat
  9732 | D:8      | Got the hand axe of Compulsion {chop, rElec Dex+4 Stlth+}
  9832 | D:8      | Found a shadowy altar of Dithmenos.
 10078 | D:9      | HP: 36/86 [killer bee (9)]
 10679 | D:9      | Noticed a two-headed ogre
 10693 | D:9      | HP: 43/88 [two-headed ogre/giant club (28)]
 10694 | D:9      | Killed a two-headed ogre
 10694 | D:9      | Reached XP level 11. HP: 46/94 MP: 3/14
 11097 | D:9      | Found a shimmering altar of Xom.
 11102 | D:9      | Found a shimmering altar of Xom.
 11102 | D:9      | Found a shimmering altar of Xom.
 11107 | D:9      | Found a shimmering altar of Xom.
 11108 | D:9      | Found a shimmering altar of Xom.
 11241 | D:10     | Entered Level 10 of the Dungeon
 11311 | D:10     | Noticed Urug
 11331 | D:10     | Killed Urug
 11703 | D:10     | HP: 41/94 [gargoyle/mace (8)]
 11709 | D:10     | HP: 8/94 [gargoyle/mace (20)]
 12124 | D:10     | Reached skill level 12 in Unarmed Combat
 12672 | D:11     | Reached * piety under Ashenzari
 12734 | D:11     | HP: 40/95 [acid (14)]
 12736 | D:11     | HP: 7/95 [acid (15)]
 13042 | D:11     | Noticed a purple ugly thing
 13048 | D:11     | Killed a purple ugly thing
 13052 | D:11     | Gained mutation: Your body sometimes deteriorates upon taking damage. [mutagenic meat]
 13365 | D:11     | Noticed a white ugly thing
 13377 | D:11     | HP: 46/95 [white ugly thing (17)]
 13378 | D:11     | Killed a white ugly thing
 13640 | D:11     | Identified the +4 hand axe of Compulsion {chop, rElec Dex+4 Stlth+} (You found it on level 8 of the Dungeon)
 13649 | D:11     | HP: 42/95 [electric eel/bolt of electricity (8)]
 14191 | D:11     | Found Dyshritz's Antique Weapon Boutique.
 15130 | D:11     | Found a staircase to the Lair.
 15135 | Lair:1   | Entered Level 1 of the Lair of Beasts
 15194 | Lair:1   | Noticed a seven-headed hydra
 15197 | Lair:1   | HP: 44/97 [wolf (5)]
 15405 | Lair:1   | HP: 41/97 [seven-headed hydra (8)]
 15412 | D:11     | HP: 62/145 [seven-headed hydra (1)]
 15415 | D:11     | Killed a seven-headed hydra
 15415 | D:11     | Reached skill level 13 in Unarmed Combat
 15415 | D:11     | Reached XP level 12. HP: 57/105 MP: 15/15
 15686 | Lair:1   | Reached skill level 1 in Shields
 15757 | Lair:1   | Reached ** piety under Ashenzari
 15840 | Lair:1   | HP: 49/105 [black mamba (10)]
 16705 | Lair:2   | Found a frozen archway.
 16736 | IceCv    | Entered an ice cave
 17358 | IceCv    | HP: 49/106 [yak (5)]
 17363 | IceCv    | HP: 42/106 [wolf (2)]
 17371 | IceCv    | HP: 40/106 [yak (4)]
 17384 | IceCv    | HP: 35/106 [wolf (8)]
 17389 | IceCv    | HP: 18/106 [wolf (11)]
 17504 | IceCv    | HP: 48/106 [wolf (1)]
 17602 | IceCv    | Reached skill level 10 in Fighting
 18101 | IceCv    | Learned a level 4 spell: Ice Form
 18179 | IceCv    | HP: 56/127 [polar bear (14)]
 18186 | IceCv    | HP: 26/127 [polar bear (14)]
 18188 | IceCv    | Reached skill level 14 in Unarmed Combat
 18539 | IceCv    | Noticed a frost giant
 18540 | IceCv    | Identified the ring "Barilih" {AC+2 Str+5}
 18549 | IceCv    | Killed a frost giant
 18561 | IceCv    | HP: 63/128 [polar bear (3)]
 18567 | IceCv    | HP: 36/128 [polar bear (8)]
 18574 | IceCv    | HP: 23/128 [polar bear (5)]
 19396 | Lair:2   | Reached XP level 13. HP: 114/114 MP: 16/16
 19807 | Lair:2   | HP: 68/136 [swamp worm (6)]
 20016 | Lair:2   | HP: 57/136 [swamp worm (22)]
 20018 | Lair:2   | HP: 16/136 [swamp worm (19)]
 20021 | Lair:2   | HP: 1/136 [swamp worm (19)]
 20021 | Lair:2   | Mangled by a swamp worm

Skill      XL: |  1  2  3  4  5  6  7  8  9 10 11 12 |
---------------+-------------------------------------+-----
Unarmed Combat | 4 5 6 7 8 10 11 13 14 | 14.4
Transmutations | 3 4 5 6 7 8 9 |  9.6
Fighting       | 2 3 4 6 7 9 10 | 10.7
Dodging        | 2 3 4 5 6 7 9 |  9.3
Shields        | 3 |  3.2
Spellcasting   | |  2.0

Action                   |  1- 3 |  4- 6 |  7- 9 | 10-12 | 13-15 || total
-------------------------+-------+-------+-------+-------+-------++-------
Melee: Unarmed           |   125 |   217 |   335 |   911 |    64 ||  1652
       Tailslap          |     9 |    12 |    38 |   100 |     1 ||   160
       Kick              |     2 |       |     6 |       |       ||     8
       Headbutt          |     1 |       |     1 |     6 |       ||     8
       Punch             |       |     1 |     3 |    31 |       ||    35
       Staff             |       |       |     6 |       |       ||     6
       Hand axe          |       |       |       |     4 |       ||     4
 Cast: Beastly Appendage |     6 |     2 |     5 |     2 |       ||    15
       Spider Form       |     3 |    15 |    13 |     8 |     1 ||    40
       Sticks to Snakes  |     3 |     2 |     5 |     3 |       ||    13
       Blade Hands       |       |       |     3 |    14 |       ||    17
       Ice Form          |       |       |       |     5 |     4 ||     9
Invok: Curse Item        |       |     2 |     1 |     2 |     1 ||     6
 Abil: Breathe Noxious F |       |       |     2 |    25 |       ||    27
  Use: Scroll            |       |     9 |     7 |     9 |       ||    25
       Potion            |       |       |     1 |     4 |     2 ||     7
 Stab: Sleeping          |     1 |       |     1 |     2 |       ||     4
       Confused          |       |       |     2 |    12 |       ||    14
  Eat: Chunk             |     3 |    13 |    14 |    29 |     1 ||    60
       Fruit             |       |       |     4 |     4 |       ||     8
       Meat ration       |       |       |       |     3 |       ||     3
       Bread ration      |       |       |       |     1 |       ||     1
Armor: Skin              |    39 |    50 |    71 |   227 |     9 ||   396
Dodge: Dodged            |    79 |   157 |   200 |   553 |    34 ||  1023
Block: Buckler           |       |       |       |    22 |       ||    22
